 Dungeon Crawl Stone Soup version 0.32-a0-938-g40ac7a0 (webtiles) character file.

Game seed: 2438407685406614737

142913 Dega the Crack Shot (level 16, -12/88 HPs)
             Began as a Spriggan Hunter on Apr 19, 2024.
             Was the Champion of Dithmenos.
             Mangled by a deep elf blademaster
             ... wielding a +4 double sword
              (26 damage)
             ... on level 1 of the Elven Halls.
             The game lasted 00:30:45 (18519 turns).

Dega the Crack Shot (Spriggan Hunter)              Turns: 18519, Time: 00:30:46

Health: -12/88     AC:  7    Str:  7    XL:     16   Next: 35%
Magic:  17/17      EV: 47    Int: 11    God:    Dithmenos [******]
Gold:   3897       SH:  0    Dex: 32    Spells: 15/15 levels left

rFire   + . .        z - +9 arbalest (flame)
rCold   + . .        (shield currently unavailable)
rNeg    . . .        u - +2 robe {rC+ rF+}
rPois   +            I - +0 hat
rElec   .            C - +0 cloak
rCorr   .            (gloves unavailable)
SInv    +            (boots unavailable)
Will    ++...        j - amulet of regeneration
Stlth   ++++++       f - +6 ring of dexterity
HPRegen 1.14/turn    r - ring of poison resistance
MPRegen 0.15/turn

%: no passive effects
@: wreathed by umbra, very quick
A: very small, no large weapons, unfitting armour, see invisible, speed 3,
iridescent scales 1
a: Renounce Religion, Shadow Step, Shadow Form


You were on level 1 of the Elven Halls.
You worshipped Dithmenos.
Dithmenos was exalted by your worship.
You visited 5 branches of the dungeon, and saw 24 of its levels.
You also visited: Bailey.

You collected 4625 gold pieces.
You spent 728 gold pieces at shops.

Inventory:

Hand Weapons
 w - a +0 orcbow
 z - a +9 arbalest of flaming (weapon)
Missiles
 M - a throwing net
Armour
 u - a +2 robe of resistance (worn)
 C - a +0 cloak (worn)
 D - the +3 buckler of the Old and Reckless {Regen+ rCorr Dex+3}
   (You acquired it on level 8 of the Dungeon)

   Dex+3:     It affects your dexterity (+3).
   Regen+:    It increases your rate of health regeneration.
   rCorr:     It protects you from acid and corrosion.
 I - a +0 hat (worn)
 N - a +2 robe of willpower
Jewellery
 f - a +6 ring of dexterity (left hand)
 j - an amulet of regeneration (around neck)
 q - an amulet of reflection
 r - a ring of poison resistance (right hand)
 s - a ring of protection from cold
 G - an amulet of the acrobat
 P - a ring of magical power
 Q - a ring of positive energy
Wands
 o - a wand of flame (82)
 B - a wand of charming (17)
 F - a wand of quicksilver (3)
 H - a wand of iceblast (7)
Scrolls
 a - 5 scrolls of identify
 b - a scroll of butterflies
 m - 3 scrolls of fog
 n - 5 scrolls of fear
 p - 4 scrolls of amnesia
 x - 4 scrolls of poison
 y - 6 scrolls of teleportation
 A - 5 scrolls of blinking
 K - 2 scrolls of torment
 L - a scroll of summoning
 O - 2 scrolls of immolation
 R - a scroll of brand weapon
 S - a scroll of enchant weapon
 T - a scroll of vulnerability
Potions
 c - a potion of invisibility
 d - 5 potions of haste
 e - 8 potions of curing
 g - 3 potions of ambrosia
 h - 5 potions of heal wounds
 i - 3 potions of mutation
 k - 2 potions of cancellation
 l - 3 potions of resistance
 t - 8 potions of attraction
 v - 3 potions of brilliance
 E - 5 potions of might
 J - a potion of magic


   Skills:
 - Level 12.0 Fighting
 + Level 21.1 Ranged Weapons
 - Level 20.5 Dodging
 - Level 3.0 Stealth


You had 15 spell levels left.
You didn't know any spells.
Your spell library contained the following spells:

 Spells                   Type           Power      Damage    Failure   Level
 Freeze                   Ice            0%         1d3       34%         1
 Scorch                   Fire           0%         2d5       47%         2
 Dazzling Flash           Conj/Hex       0%         N/A       71%         3
 Frozen Ramparts          Ice            0%         1d1       71%         3
 Hailstorm                Conj/Ice       0%         3d5       71%         3
 Mephitic Cloud           Conj/Alch/Air  0%         N/A       71%         3
 Passwall                 Erth           0%         N/A       71%         3
 Volatile Blastmotes      Fire/Tloc      0%         2d10      71%         3
 Brom's Barrelling Bould  Conj/Erth      0%         2d3       98%         4
 Cause Fear               Hex            0%         N/A       98%         4
 Flame Wave               Conj/Fire      0%         2d4       98%         4
 Vhi's Electric Charge    Tloc/Air       0%         N/A       98%         4
 Curse of Agony           Necr           0%         N/A       100%        5
 Fireball                 Conj/Fire      0%         3d3       100%        5
 Iskenderun's Battlesphe  Conj           0%         2d6       100%        5
 Silence                  Hex/Air        0%         N/A       100%        5
 Bombard                  Conj/Erth      0%         9d1       100%        6
 Conjure Ball Lightning   Conj/Air       0%         3x3d6     100%        6
 Summon Cactus Giant      Summ           0%         N/A       100%        6
 Orb of Destruction       Conj           0%         9d5       100%        7
 Dragon's Call            Summ           0%         N/A       100%        9


Dungeon Overview and Level Annotations

Branches:
Dungeon (15/15)            Temple (1/1) D:6            Lair (5/5) D:9
 Shoals (0/4) Lair:3        Snake (0/4) Lair:3        Slime (0/5) Lair:5
    Orc (2/2) D:11            Elf (1/3) Orc:2        Vaults (0/5) D:14
 Depths (0/4) D:15         Bailey (visited)

Altars:
Ashenzari
Cheibriados
Dithmenos
Elyvilon
Fedhas
Gozag
Hepliaklqana
Kikubaaqudgha
Makhleb
Nemelex Xobeh
Okawaru
Qazlal
Ru
Sif Muna
Trog
Uskayaw
Vehumet
Wu Jian
Xom
Yredelemnul
Zin
The Shining One
Jiyva
Lugonu

Shops:
D:9 [:!!:   D:12 ?   Orc:1 (   Orc:2 =!([*   Elf:1 [

Portals:
Abyss: Lair:5

Annotations:
D:14 3 runed translucent doors, bochi's ghost, adept OnIE


Innate Abilities, Weirdness & Mutations

You are very small and have problems with some larger weapons.
You are too small for most types of armour.
You have supernaturally acute eyesight. (SInv)
You cover ground extremely quickly. (Speed+++)
You are partially covered in iridescent scales. (AC +2)


Message History

There is a fountain of clear blue water here.
You shoot a bolt.
The bolt barely misses the deep elf blademaster.
Your shadow shoots a bolt.
The bolt hits the deep elf blademaster.
You shoot a bolt. The bolt hits the deep elf blademaster!
The bolt burns the deep elf blademaster.
The deep elf blademaster is lightly wounded.
Your shadow shoots a bolt.
The bolt misses the deep elf blademaster.
You shoot a bolt.
The bolt hits the deep elf blademaster!!
The bolt burns the deep elf blademaster.
The deep elf blademaster is heavily wounded.
The deep elf blademaster misses you.
The deep elf blademaster closely misses you.
You shoot a bolt.
The bolt completely misses the deep elf blademaster.
The deep elf blademaster hits you with a +4 double sword!!
You emit a cloud of dark smoke.
The deep elf blademaster completely misses you.
The deep elf blademaster hits you with a +4 double sword!!
* * * LOW HITPOINT WARNING * * *
You emit a cloud of dark smoke.
The deep elf blademaster closely misses you.
Unknown command.
You feel much better.
The deep elf blademaster completely misses you.
The deep elf blademaster barely misses you.
The deep elf blademaster attacks as it pursues you!
The deep elf blademaster completely misses you.
The deep elf blademaster hits you with a +0 double sword!!
* * * LOW HITPOINT WARNING * * *
You emit a cloud of dark smoke.
You shoot a bolt.
The bolt closely misses the deep elf blademaster.
The deep elf blademaster completely misses you.
The deep elf blademaster hits you with a +0 double sword!
* * * LOW HITPOINT WARNING * * *
The deep elf blademaster hits you with a +4 double sword!!
You die...

#.######...#.####(....###.#.##
#.#!$..#...#.#...........###.##
###%⌠.e#.⌠....)....)....## ##.#
#....'............).##.###.##
#...'''###.........(#...#...##
###'''...#.......####.........
#...'....##§§§§§####.###....##
#.⌠.#..⌠?###§§§## #.## ##..##
#...#..)/# ##@## #.# #.##
#..#########e§§## #.## ##.#
##.####§###§§§§§# ##.###..#
#.....§§§§§§§.^# ##...#.#
##########§§§..# #####.#
##...## #.#### ##### #.....
######


You could see a deep elf blademaster.

Vanquished Creatures
  Jorgrun (D:14)
  Rupert (D:13)
  Gastronok (D:10)
  Snorg (D:10)
  Azrael (Orc:2)
  Josephine (Lair:4)
  4 ogre magi
  A rakshasa (D:15)
  2 hydras
  Erica (Orc:1)
  5 boulder beetles
  A catoblepas (D:13)
  24 two-headed ogres
  2 thrashing horrors (Lair:5)
  A tengu warrior (D:13)
  5 centaur warriors
  7 dancing weapons (Elf:1)
  6 death yaks (Lair:4)
  An orc high priest (Elf:1)
  5 deep elf knights
  Urug (Orc:1)
  Amaemon (Lair:3)
  Nergalle (D:10)
  A fire crab (shapeshifter) (Lair:5)
  3 skysharks
  2 lindwurms
  3 orc sorcerers
  An orc knight (D:14)
  15 deep elf zephyrmancers
  A large abomination (Lair:5)
  A necromancer (D:15)
  9 deep elf pyromancers
  A salamander (Lair:3)
  3 cyclopes (D:14)
  A manticore (D:15)
  13 ugly things
  Maurice (D:8)
  An oklob plant (Lair:4)
  3 elephants (Lair:5)
  5 black mambas
  A centaur zombie (D:15)
  A kobold blastminer (Orc:2)
  A gargoyle (D:11)
  13 cane toads
  An eye of devastation (Lair:5)
  2 centaur skeletons (D:15)
  An orange demon (Lair:3)
  3 kobold demonologists (D:10)
  4 rime drakes
  13 komodo dragons
  A freezing wraith (D:15)
  4 tengu conjurers
  5 trolls
  A glass eye (Lair:5)
  Prince Ribbit (D:6)
  A raiju (Lair:5)
  37 blink frogs
  A raiju (shapeshifter) (D:14)
  6 slime creatures (D:12)
  5 air elementals (Elf:1)
  Sigmund (D:3)
  A spriggan (Lair:5)
  4 wraiths
  2 shadows
  70 yaks
  5 ynoxinuls (Lair:5)
  A water elemental (Elf:1)
  2 vampires (D:14)
  4 wyverns
  A warg (Orc:1)
  6 basilisks
  Grum (D:10)
  3 steam dragons
  2 fire elementals
  7 small abominations (Lair:5)
  5 acid dragons
  A naga (shapeshifter) (Lair:5)
  4 hell hounds (Orc:2)
  15 water moccasins
  12 orc warriors
  An ice beast (D:8)
  A black bear (shapeshifter) (Lair:5)
  22 wolves
  11 centaurs
  30 ogres
  9 kobold brigands
  A phantom (D:4)
  Blork the orc (D:6)
  14 bullfrogs
  An earth elemental (Elf:1)
  4 scorpions
  9 wights
  5 killer bees (D:10)
  4 howler monkeys
  3 jellies
  7 lava snakes
  3 hounds
  11 orc priests
  2 gnoll boudas
  2 iguanas
  3 sleepcaps
  12 orc wizards
  12 gnolls
  10 adders
  2 shadow imps
  A white imp (D:6)
  2 ufetubi
  2 ribbon worms
  A dart slug (D:2)
  34 orcs
  10 ball pythons
  5 endoplasms
  A giant cockroach (D:1)
  7 goblins
  3 hobgoblins
  30 kobolds
  7 quokkas
  2 bats
  4 frilled lizards
  6 rats
682 creatures vanquished.

Vanquished Creatures (others)
  An ogre mage (Orc:2)
1 creature vanquished.

Grand Total: 683 creatures vanquished

Notes
Turn   | Place    | Note
-------+----------+-------------------------------------------
     0 | D:1      | Dega the Spriggan Hunter began the quest for the Orb.
     0 | D:1      | Reached XP level 1. HP: 10/10 MP: 2/2
   145 | D:1      | Reached XP level 2. HP: 15/15 MP: 3/3
   237 | D:1      | Reached XP level 3. HP: 18/18 MP: 4/4
  1214 | D:2      | Found a faded altar of an unknown god.
  1486 | D:3      | Noticed Sigmund
  1498 | D:3      | Killed Sigmund
  1499 | D:3      | Reached skill level 5 in Ranged Weapons
  1499 | D:3      | Reached skill level 5 in Dodging
  1499 | D:3      | Reached XP level 4. HP: 24/24 MP: 5/5
  1499 | D:3      | Reached XP level 5. HP: 28/28 MP: 6/6
  1597 | D:3      | Found a radiant altar of Vehumet.
  2408 | D:4      | Reached XP level 6. HP: 32/32 MP: 7/7
  2870 | D:4      | Reached XP level 7. HP: 37/37 MP: 8/8
  2987 | D:4      | Reached skill level 6 in Ranged Weapons
  3115 | D:5      | Entered Level 5 of the Dungeon
  3262 | D:5      | Found an ancient bone altar of Kikubaaqudgha.
  3262 | D:5      | Found a hide-covered altar of Uskayaw.
  3292 | D:5      | Reached skill level 7 in Ranged Weapons
  3401 | D:5      | Reached skill level 8 in Ranged Weapons
  3545 | D:5      | Reached XP level 8. HP: 42/42 MP: 9/9
  3669 | D:6      | Found a staircase to the Ecumenical Temple.
  3686 | Temple   | Entered the Ecumenical Temple
  3763 | Temple   | Became a worshipper of Dithmenos the Shadowed
  3909 | D:6      | Reached skill level 9 in Ranged Weapons
  4112 | D:6      | Noticed Prince Ribbit
  4130 | D:6      | Killed Prince Ribbit
  4131 | D:6      | Reached skill level 10 in Ranged Weapons
  4183 | D:6      | Gained mutation: You have a pair of small antennae on your
                  | head. [potion of mutation]
  4184 | D:6      | Lost mutation: You have a pair of small antennae on your
                  | head. [potion of mutation]
  4184 | D:6      | Gained mutation: Your muscles are strong. (Str +4, Int/Dex
                  | -1) [potion of mutation]
  4184 | D:6      | Gained mutation: You are clumsy. (Dex -2) [potion of
                  | mutation]
  4185 | D:6      | Lost mutation: Your muscles are strong. (Str +4, Int/Dex
                  | -1) [potion of mutation]
  4185 | D:6      | Lost mutation: You are clumsy. (Dex -2) [potion of
                  | mutation]
  4185 | D:6      | Gained mutation: Your muscles are strong. (Str +4, Int/Dex
                  | -1) [potion of mutation]
  4185 | D:6      | Gained mutation: You sometimes lose your temper in combat.
                  | [potion of mutation]
  4185 | D:6      | Gained mutation: You have large cloven feet. [potion of
                  | mutation]
  4186 | D:6      | Lost mutation: Your muscles are strong. (Str +4, Int/Dex
                  | -1) [potion of mutation]
  4186 | D:6      | Lost mutation: You have large cloven feet. [potion of
                  | mutation]
  4186 | D:6      | Lost mutation: You sometimes lose your temper in combat.
                  | [potion of mutation]
  4186 | D:6      | Gained mutation: You are partially covered in iridescent
                  | scales. (AC +2) [potion of mutation]
  4369 | D:6      | Reached * piety under Dithmenos
  4522 | D:6      | Noticed Blork the orc
  4551 | D:6      | Killed Blork the orc
  4552 | D:6      | Reached XP level 9. HP: 43/45 MP: 10/10
  4751 | D:7      | Reached skill level 11 in Ranged Weapons
  5458 | D:8      | Reached skill level 12 in Ranged Weapons
  5577 | D:8      | Reached ** piety under Dithmenos
  5654 | D:8      | Noticed Maurice
  5664 | D:8      | Killed Maurice
  5665 | D:8      | Reached skill level 13 in Ranged Weapons
  5730 | D:8      | Identified a scroll of acquirement
  5730 | D:8      | Acquired the +3 buckler of the Old and Reckless {Regen+
                  | rCorr Dex+3}
  5789 | D:8      | Reached XP level 10. HP: 43/49 MP: 11/11
  6031 | D:9      | Found Awuzai's Book Boutique.
  6090 | D:9      | Reached skill level 14 in Ranged Weapons
  6120 | D:9      | Found a staircase to the Lair.
  6223 | D:9      | Found Xeamusch's Armour Shoppe.
  6369 | D:9      | Found Zedok's Book Emporium.
  6572 | D:9      | Found Ugazocwu's Distillery.
  6573 | D:9      | Noticed a boulder beetle
  6636 | D:9      | Found Wocsump's Distillery.
  6660 | D:9      | Killed a boulder beetle
  6736 | D:10     | Entered Level 10 of the Dungeon
  6736 | D:10     | Noticed Snorg
  6736 | D:10     | Found a flagged portal.
  6748 | D:10     | Killed Snorg
  6749 | D:10     | Reached skill level 15 in Ranged Weapons
  6754 | Bailey   | Entered a bailey
  6773 | Bailey   | Reached *** piety under Dithmenos
  6815 | Bailey   | Reached XP level 11. HP: 53/53 MP: 12/12
  6875 | Bailey   | Found a burning altar of Makhleb.
  6915 | D:10     | Identified the +4 hand axe of a bazaar {holy, rF+ rC+
                  | Str+5}
  6936 | D:10     | Noticed Grum
  6956 | D:10     | Reached skill level 10 in Dodging
  6977 | D:10     | Killed Grum
  6983 | D:10     | Noticed Gastronok
  7066 | D:10     | Killed Gastronok
  7101 | D:10     | Identified the +4 spear "Setexa" {drain, rPois rC- Str+4
                  | SInv}
  7185 | D:10     | Noticed Nergalle
  7202 | D:10     | Killed Nergalle
  7247 | D:10     | Reached skill level 16 in Ranged Weapons
  7249 | D:10     | Noticed a sun demon
  7365 | D:10     | You fall into a shaft and drop 2 floors!
  7495 | D:12     | Reached **** piety under Dithmenos
  7561 | D:11     | Noticed a boulder beetle
  7566 | D:11     | Killed a boulder beetle
  7577 | D:11     | Noticed a two-headed ogre
  7584 | D:11     | Killed a two-headed ogre
  7690 | D:11     | Noticed a two-headed ogre
  7694 | D:11     | Killed a two-headed ogre
  7723 | D:11     | Noticed a two-headed ogre
  7727 | D:11     | Killed a two-headed ogre
  7728 | D:11     | Reached XP level 12. HP: 58/58 MP: 13/13
  7906 | D:11     | Found a staircase to the Orcish Mines.
  8366 | D:10     | Found a blossoming altar of Fedhas.
  8366 | D:10     | Found a glowing silver altar of Zin.
  8390 | D:10     | Acquired a +9 arbalest of flaming
  8715 | D:12     | Noticed a two-headed ogre
  8722 | D:12     | Killed a two-headed ogre
  8723 | D:12     | Reached skill level 5 in Fighting
  8897 | D:12     | Found Tocid's Magic Scroll Boutique.
  8906 | D:12     | Bought a scroll of acquirement for 728 gold pieces
  8906 | D:12     | Acquired 890 gold pieces
  8954 | D:12     | Noticed a two-headed ogre
  8956 | D:12     | Killed a two-headed ogre
  9019 | D:12     | Found an opulent altar of Gozag.
  9081 | D:12     | Noticed a two-headed ogre
  9082 | D:12     | Killed a two-headed ogre
  9083 | D:12     | Reached skill level 17 in Ranged Weapons
  9208 | D:13     | Noticed a catoblepas
  9214 | D:13     | Killed a catoblepas
  9214 | D:13     | Reached ***** piety under Dithmenos
  9228 | D:13     | Noticed a tengu warrior
  9232 | D:13     | Killed a tengu warrior
  9503 | D:13     | Noticed Rupert
  9514 | D:13     | Paralysed by Rupert for 3 turns
  9521 | D:13     | Killed Rupert
  9538 | D:13     | Noticed a centaur warrior
  9549 | D:13     | Killed a centaur warrior
  9614 | D:13     | Noticed a two-headed ogre
  9616 | D:13     | Killed a two-headed ogre
  9902 | Orc:1    | Entered Level 1 of the Orcish Mines
  9982 | Orc:2    | Entered Level 2 of the Orcish Mines
 10164 | Orc:2    | Noticed a two-headed ogre
 10169 | Orc:2    | Killed a two-headed ogre
 10181 | Orc:2    | Reached XP level 13. HP: 66/66 MP: 14/14
 10200 | Orc:2    | Reached skill level 15 in Dodging
 10305 | Orc:2    | Paralysed by an ogre mage for 4 turns
 10306 | Orc:2    | Reached skill level 18 in Ranged Weapons
 10384 | Orc:2    | Found Punatuk's Weapon Shop.
 10384 | Orc:2    | Found Fatrexor's Assorted Antiques.
 10385 | Orc:2    | Found Hioh's Distillery.
 10385 | Orc:2    | Found Xivar's Armour Shop.
 10433 | Orc:2    | Noticed Azrael
 10435 | Orc:2    | Reached ****** piety under Dithmenos
 10441 | Orc:2    | Killed Azrael
 10526 | Orc:2    | Found Gaseank's Jewellery Shop.
 10576 | Orc:2    | Found a staircase to the Elven Halls.
 10974 | Lair:1   | Entered Level 1 of the Lair of Beasts
 11309 | Lair:1   | Reached XP level 14. HP: 74/74 MP: 15/15
 12319 | Lair:3   | Found a staircase to the Shoals.
 12792 | Lair:3   | Noticed Amaemon
 12800 | Lair:3   | Killed Amaemon
 12957 | Lair:3   | Found a staircase to the Snake Pit.
 13468 | Lair:4   | Reached skill level 19 in Ranged Weapons
 13547 | Lair:4   | Noticed Josephine
 13551 | Lair:4   | Killed Josephine
 13609 | Lair:4   | Reached skill level 10 in Fighting
 14010 | Lair:4   | Identified the +2 leather armour "Tasmumpi" {^Contam +Blink
                  | Will+ Str+3}
 14035 | Lair:5   | Entered Level 5 of the Lair of Beasts
 14269 | Lair:5   | Reached XP level 15. HP: 81/81 MP: 16/16
 14282 | Lair:5   | Found a viscous altar of Jiyva.
 14287 | Lair:5   | Found a staircase to the Slime Pits.
 14769 | Lair:5   | Found a corrupted altar of Lugonu.
 14769 | Lair:5   | Found a one-way gate to the infinite horrors of the Abyss.
 14779 | Lair:5   | Got an earthy gem with 1196 turns to spare
 15496 | D:14     | Found a broken altar of Ashenzari.
 15667 | D:14     | Noticed Jorgrun
 15676 | D:14     | Killed Jorgrun
 15707 | D:14     | Reached skill level 20 in Ranged Weapons
 15723 | D:14     | Found a gate to the Vaults.
 15819 | D:14     | Found a runed translucent gate.
 15819 | D:14     | Found a runed translucent gate.
 15822 | D:14     | Found a runed translucent gate.
 15822 | D:14     | Noticed bochi's ghost (adept OnIE)
 16226 | D:15     | Entered Level 15 of the Dungeon
 16534 | D:15     | Found a staircase to the Depths.
 16538 | D:15     | Got a smoky gem with 1569 turns to spare
 17384 | Elf:1    | Entered Level 1 of the Elven Halls
 17438 | Orc:1    | Found Ynnat's Weapon Shop.
 17448 | Orc:1    | Noticed Erica
 17459 | Orc:1    | Noticed Urug
 17461 | Orc:1    | Killed Erica
 17470 | Orc:1    | Killed Urug
 17694 | Elf:1    | Reached XP level 16. HP: 88/88 MP: 17/17
 17725 | Elf:1    | Found a huge runed translucent gate.
 17726 | Elf:1    | Found a huge runed translucent gate.
 17726 | Elf:1    | Found a huge runed translucent gate.
 17839 | Elf:1    | Found a huge runed translucent gate.
 17840 | Elf:1    | Found a huge runed translucent gate.
 17840 | Elf:1    | Found a huge runed translucent gate.
 17840 | Elf:1    | Found a huge runed translucent gate.
 17841 | Elf:1    | Found a huge runed translucent gate.
 17871 | Elf:1    | Noticed a deep elf blademaster
 18184 | Elf:1    | Reached skill level 21 in Ranged Weapons
 18425 | Elf:1    | Found Daelea's Armour Shop.
 18465 | Elf:1    | Identified the +11 double sword "Beestrim" {venom, rN+}
 18465 | Elf:1    | Noticed a deep elf blademaster
 18519 | Elf:1    | Mangled by a deep elf blademaster

Illustrated notes

Levels and vault maps discovered:
D:1:      dpeg_arrival_tiny_d, layout_loops_cross
D:2:      layout_loops_corners, dilly_ecumenical_altar_fadedgnrine,
          fountainhead, nicolae_concentric_dashed_squares_mild, minmay_3d_cube
D:3:      layout_basic, fiery_altar_vehumet, uniq_sigmund
D:4:      layout_loops_cross
D:5:      layout_rooms, gammafunk_temple_overflow_wave, dk_vineyard_3
D:6:      layout_basic, temple_doors_e, minmay_fractal_squares_5,
          uniq_prince_ribbit1, uniq_blork_the_orc
D:7:      layout_basic
D:8:      layout_loops_ring, uniq_maurice
D:9:      layout_basic, erik_lair_dragon, serial_shops,
          nicolae_shop_just_a_little_nook, shop, nicolae_stop_n_shop_1,
          nicolae_stop_n_shop_2, nicolae_lakefront_shop, due_unseen_surprise
D:10:     layout_basic, amethyst_overflow_temple_binary, enter_bailey_2,
          minmay_misc_feat_five, uniq_grum, uniq_nergalle, uniq_snorg,
          uniq_gastronok
D:11:     layout_big_octagon, orc_0_dummy
D:12:     layout_loops_corners, serial_shops, shop, grunt_gozag_breadcrumbs
D:13:     layout_loops_cross, uniq_rupert
D:14:     layout_loops_cross, david_vaults_2, evilmike_ruin_ashenzari,
          maelrawn_ghost_gauntlet_escape, serial_glass, glass_columns_a,
          glass_columns_a, hangedman_corner_corridor, uniq_jorgrun
D:15:     grunt_enter_depths_magical_seal, layout_stronghold, glass_columns_b
Temple:   minmay_temple_bridge_d
Lair:1:   layout_long_grid
Lair:2:   layout_cave_shapes, chequers_serial_rivers_small_a
Lair:3:   layout_regular_city, minmay_shoals_entry_centaurs,
          nicolae_snake_entry_warm_welcome, uniq_amaemon
Lair:4:   layout_regular_city, uniq_josephine
Lair:5:   hellmonk_lair_end_abyssal_woods, layout_regular_city,
          minmay_slime_entry_eyes, lemuel_fruit_tree, grunt_megastairs_3
Orc:1:    layout_diamond_mine, serial_shops, nicolae_shop_tiny_statue_garden,
          uniq_urug, uniq_erica
Orc:2:    st_orc_ogre_mass, layout_caves, serial_shops, nicolae_shop_crystal,
          uniq_azrael
Elf:1:    layout_loops_ring, serial_shops, nicolae_shop_peninsula,
          hangedman_elven_crosses_minicolossus,
          nicolae_elf_double_double_double_trouble

Skill      XL: |  1  2  3  4  5  6  7  8  9 10 11 12 13 14 15 16 |
---------------+-------------------------------------------------+-----
Dodging        | 3 5 6 9 13 14 16 18 20 | 20.5
Fighting       | 2 3 4 6 8 10 11 12 | 12.0
Ranged Weapons | 5 8 10 13 15 16 17 18 19 20 21 | 21.1
Stealth        | 3 |  3.0

Action                     |  1- 3 |  4- 6 |  7- 9 | 10-12 | 13-15 | 16-18 || total
---------------------------+-------+-------+-------+-------+-------+-------++-------
   Fire: Shortbow          |    62 |    89 |   229 |   354 |       |       ||   734
         Arbalest          |       |       |       |   116 |   836 |    98 ||  1050
    Use: Scroll            |     5 |     9 |     4 |    13 |     3 |       ||    34
         Potion            |       |       |     4 |       |     1 |     1 ||     6
 Armour: Robe              |     2 |    12 |    28 |    26 |    48 |     7 ||   123
  Dodge: Dodged            |     7 |    25 |    97 |   204 |   212 |    22 ||   567

Table legend: (Time is in decaauts)
 A = Elapsed time spent in this place.
 B = Non-inter-level travel time spent in this place.
 C = Inter-level travel time spent in this place.
 D = Time resting spent in this place.
 E = Time spent auto-exploring this place.
 F = Levels seen in this place.
 G = Mean time per level.
                   A        B        C        D        E       F      G
               +--------+--------+--------+--------+--------+-----+--------+
         Total |  12506 |  11615 |    891 |    100 |   8570 |  25 |  500.2 |
       Dungeon |   7935 |   7380 |    555 |    100 |   5612 |  15 |  529.0 |
        Temple |     91 |      5 |     86 |      0 |      0 |   1 |   91.0 |
          Lair |   2872 |   2693 |    179 |      0 |   1978 |   5 |  574.4 |
  Orcish Mines |    903 |    836 |     67 |      0 |    530 |   2 |  451.5 |
   Elven Halls |    581 |    579 |      2 |      0 |    389 |   1 |  581.0 |
        Bailey |    121 |    121 |      0 |      0 |     60 |   1 |  121.0 |
               +--------+--------+--------+--------+--------+-----+--------+

Top non-repeatable levels by time:
  Lair:5: 802 daAuts
   Orc:2: 671 daAuts
    D:15: 660 daAuts
     D:3: 651 daAuts
  Lair:4: 641 daAuts
    D:10: 639 daAuts
    D:12: 633 daAuts
     D:2: 607 daAuts
     D:9: 587 daAuts
   Elf:1: 581 daAuts
     D:6: 568 daAuts
  Lair:3: 546 daAuts
     D:4: 537 daAuts
    D:14: 527 daAuts
  Lair:1: 522 daAuts
